 Dungeon Crawl Stone Soup version 0.30-a0-1066-g63dfefce0d (webtiles) character file.

Game seed: 17356196242327035369

81771 jasper the Peltast (level 16, -5/86 (122) HPs)
             Began as a Djinni Venom Mage on Apr 12, 2023.
             Was the Champion of Ru.
             Slain by a small abomination (14 damage)
             ... on level 3 of the Abyss.
             The game lasted 00:42:46 (20106 turns).

jasper the Peltast (Djinni Venom Mage)             Turns: 20106, Time: 00:42:47

HP:   -5/86 (122)   AC: 11    Str:  3    XL:     16   Next: 19%
Gold: 735           EV: 18    Int: 34    God:    Ru [******] SH: 13 Dex: 14

rFire   + + .      SeeInvis .    h - +7 trident (flame)
rCold   + . .      Faith    .    B - +0 kite shield
rNeg    + . .      Spirit   .    k - +0 steam dragon scales
rPois   ∞          Reflect  .    i - +2 helmet
rElec   .          Rampage  .    R - +1 cloak
rCorr   +                        n - +0 pair of gloves
Will    .....                    (boots unavailable)
Stlth   ++                       t - amulet of regeneration
HPRegen 1.14/turn                Y - ring "Ulenuito" {rC++ rCorr Int+4 Dex-4}
MPRegen 0.00/turn                Z - ring of Tyn Wul {Fly rN+ Str-4 Int+6 Dex+3}

@: exhausted, about to teleport, flying, very heavily drained, unable to drink
A: sickness immunity, fire resistance 2, cold vulnerability 1, inability to
drink after injury 2, inability to use devices, inability to train armour,
weak-willed 1, float, innate caster, HP casting, extra vitality 1
a: Renounce Religion, Draw Out Power, Power Leap, Apocalypse


You were on level 3 of the Abyss.
You worshipped Ru.
Ru was exalted by your worship.
You visited 4 branches of the dungeon, and saw 22 of its levels.
You visited the Abyss 1 time.

You collected 2166 gold pieces.
You spent 1431 gold pieces at shops.

Inventory:

Hand Weapons
 h - a +7 trident of flaming (weapon)
 D - a +0 demon whip of venom
Missiles
 A - a throwing net
Armour
 i - a +2 helmet (worn)
 k - +0 steam dragon scales (worn)
 n - a +0 pair of gloves (worn)
 B - a +0 kite shield (worn)
 R - a +1 cloak (worn)
Magical Staves
 e - a staff of air
Jewellery
 d - a +4 ring of protection
 t - an amulet of regeneration (around neck)
 J - a +4 ring of protection
 L - an amulet of faith
 O - a ring of willpower
 S - a +6 ring of strength
 X - a ring of wizardry
 Y - the ring "Ulenuito" (left hand) {rC++ rCorr Int+4 Dex-4}
   (You bought it in a shop on level 1 of the Orcish Mines)

   [ring of resist corrosion]

   Int:       It affects your intelligence (+4).
   Dex:       It affects your dexterity (-4).
   rC:        It greatly protects you from cold.
   rCorr:     It protects you from acid and corrosion.
 Z - the ring of Tyn Wul (right hand) {Fly rN+ Str-4 Int+6 Dex+3}
   (You bought it in a shop on level 1 of the Orcish Mines)

   [ring of intelligence]

   Str:       It affects your strength (-4).
   Int:       It affects your intelligence (+6).
   Dex:       It affects your dexterity (+3).
   rN:        It protects you from negative energy.
   Fly:       It grants you flight.
Wands
 y - a wand of mindburst (12)
 H - a wand of polymorph (2)
 M - a wand of paralysis (10)
 N - a wand of flame (48)
 T - a wand of roots (13)
Scrolls
 a - 2 scrolls of enchant weapon
 f - 5 scrolls of noise
 g - a scroll of brand weapon
 j - 4 scrolls of magic mapping
 l - 5 scrolls of fear
 m - a scroll of teleportation
 s - 2 scrolls of summoning
 F - a scroll of vulnerability
 G - 2 scrolls of fog
 K - 10 scrolls of identify
 P - 2 scrolls of enchant armour
 U - 3 scrolls of poison
Potions
 b - 5 potions of mutation
 c - 4 potions of flight
 o - 4 potions of brilliance
 p - 4 potions of degeneration
 r - a potion of attraction
 u - 2 potions of ambrosia
 w - 9 potions of curing
 x - 4 potions of magic
 z - a potion of might
 E - 3 potions of resistance
 Q - a potion of invisibility
 V - a potion of heal wounds
 W - 5 potions of lignification
Miscellaneous
 q - a lightning rod (4/4)


   Skills:
 + Level 13.7 Fighting
 + Level 14.3 Dodging
 - Level 1.5 Stealth
 - Level 15.0 Shields
 - Level 11.1 Spellcasting


You knew the following spells:

 Your Spells              Type           Power      Damage    Failure   Level
a - Sting                 Tmut/Pois      100%       1d8       1%          1
b - Poisonous Vapours     Pois/Air       100%       N/A       1%          2
c - Mephitic Cloud        Conj/Pois/Air  76%        N/A       1%          3
d - Olgreb's Toxic Radia  Pois           76%        N/A       1%          4
e - Freeze                Ice            100%       1d10      1%          1
f - Ensorcelled Hibernat  Hex/Ice        100%       N/A       1%          2
g - Passwall              Tmut/Erth      63%        N/A       1%          2
h - Confusing Touch       Hex            76%        N/A       1%          3
i - Silence               Hex/Air        38%        N/A       1%          5
j - Blade Hands           Tmut           38%        N/A       1%          5
k - Dispersal             Tloc           38%        N/A       6%          6
Your spell library was empty.

Dungeon Overview and Level Annotations

Branches:
Dungeon (14/15)            Temple (1/1) D:5            Lair (5/5) D:11
 Shoals (0/4) Lair:3        Snake (0/4) Lair:3        Slime (0/5) Lair:5
    Orc (2/2) D:12            Elf (0/3) Orc:2
 Vaults: D:13-14

Altars:
Ashenzari
Fedhas
Hepliaklqana
Nemelex Xobeh
Okawaru
Qazlal
Ru
Uskayaw
Yredelemnul
Jiyva

Shops:
Orc:1 =   Orc:2 [?(?

Portals:
Trove: D:11 (give +5 demon trident)

Annotations:
Lair:2 Nergalle
Lair:5 exclusion: oklob plant


Innate Abilities, Weirdness & Mutations

You are immune to sickness and miasma.
You are immune to poison.
Your flesh is very heat resistant. (rF++)
You are vulnerable to cold. (rC-)
You sometimes lose the ability to drink potions when taking damage.
You cannot study or use magical devices.
You cannot train Armour skill.
You are slightly weak-willed. (Will-)
You float through the air rather than walking.
You learn spells naturally, not from books.
Your magical power is your life essence.
You have superior vitality. (+4 MHP)


Message History

The will-o-the-wisp gestures.
The will-o-the-wisp conjures some foxfire! 2 spatial vortices and 2 foxfires come into view.
You regained 2 hp, and now have 55/86 hp.
You puncture the will-o-the-wisp!
The will-o-the-wisp is heavily damaged.
The foxfire hits you. You resist. The foxfire hits you! You resist.
The foxfire hits you but does no damage.
The foxfire hits you. You resist.
The spatial maelstrom is stunned by your conviction and fails to attack.
The spatial maelstrom completely misses you.
The spatial maelstrom hits you.
You blink. 2 small abominations come into view.
The will-o-the-wisp blinks!
The small abomination moves out of view.
You take 22 damage, and have 33/86 hp.
MASSIVE DAMAGE!!
You puncture the spatial vortex!
The spatial vortex is lightly damaged.
The large abomination hits you!!
You feel threatened and lose the ability to drink potions!
* * * LOW HITPOINT WARNING * * *
You take 30 damage, and have 3/86 hp.
MASSIVE DAMAGE!!
Blink to where?
Press: ? - help, Dir - move target, p - will-o-the-wisp A large abomination comes into view.
As you read the scroll of blinking, it crumbles to dust.
As you read the scroll of teleportation, it crumbles to dust.
You feel strangely unstable.
You feel the power of the Abyss delaying your translocation!
You regained 2 hp, and now have 6/86 hp.
Blink to where?
Press: ? - help, Dir - move target
Found a gateway leading deeper into the Abyss.
As you read the scroll of blinking, it crumbles to dust.
A spatial vortex comes into view.
You hit the small abomination but do no damage.
You block the small abomination's attack.
Okay, then.
The small abomination hits you!
You die...

≈ ~≈§§ ≈≈≈>.
.≈≈≈.§§
≈~~.≈~§###
.~≈.≈~#x.#
#.@#.#
#.....## .
#..#.#.# ..
.#.##x.##.# #
.###.#.#.....#
#. ##.. # #.
#.....###
.##........#
....#.. #...#


You could see 2 small abominations.

Vanquished Creatures
  Rupert (Lair:3)
  Gastronok (Lair:1)
  A black draconian (Abyss:3)
  5 hydras
  3 centaur warriors
  2 boulder beetles
  2 two-headed ogres
  A tengu warrior (D:11)
  Urug (Lair:2)
  3 orc high priests (Orc:2)
  3 skysharks
  Amaemon (D:9)
  A wretched star (Abyss:3)
  A sixfirhy (Abyss:3)
  A fire crab (shapeshifter) (D:14)
  Pikel (D:5)
  2 deep elf pyromancers (D:13)
  6 orc sorcerers
  6 cyclopes
  5 orc knights (Orc:2)
  5 ugly things
  9 black mambas
  14 elephants
  Joseph (D:7)
  A smoke demon (Abyss:3)
  An eye of devastation (Abyss:3)
  16 cane toads
  An orange demon (D:9)
  A gargoyle (D:11)
  An efreet (Abyss:3)
  A freezing wraith (D:13)
  4 rime drakes
  9 komodo dragons
  An ancient zyme (Abyss:3)
  6 hornets
  6 polar bears
  3 trolls
  Grinder (D:5)
  27 blink frogs
  5 dream sheep
  13 spriggans (Lair:5)
  2 shadows
  5 wraiths
  12 wyverns
  A centaur simulacrum (Abyss:3)
  39 yaks
  10 basilisks
  2 steam dragons
  A large abomination (Abyss:3)
  Menkaure (D:6)
  A warg (Orc:1)
  4 spatial vortices (Abyss:3)
  5 acid dragons
  Duvessa (D:6)
  16 water moccasins
  28 orc warriors
  3 boggarts (Lair:5)
  4 ogres
  3 black bears
  29 wolves
  19 centaurs
  A phantom (D:4)
  11 bullfrogs
  A kobold brigand (D:9)
  Blork the orc (D:6)
  7 scorpions
  11 wights
  Dowan (D:6)
  4 killer bees (D:9)
  3 howler monkeys
  6 electric eels
  4 hounds
  18 orc priests
  2 gnoll boudas
  2 jellies (D:7)
  Terence (D:2)
  2 iguanas
  A sleepcap (D:7)
  16 orc wizards
  11 hell rats (Lair:4)
  Robin (D:2)
  14 gnolls
  5 adders
  4 dart slugs
  93 orcs
  5 endoplasms
  5 giant cockroaches
  14 goblins
  10 hobgoblins
  4 jackals (D:4)
  4 quokkas
  10 ball pythons
  11 bats
  4 frilled lizards
  12 kobolds
  5 rats
  A spectral goblin (D:1)
664 creatures vanquished.

Vanquished Creatures (others)
  3 hydras
  A centaur warrior (D:13)
  2 spriggans (Lair:5)
  A cyclops (D:14)
  An elephant (Lair:4)
  A hornet (Lair:5)
  A yak (Lair:5)
  A warg (Orc:1)
  A water moccasin (Lair:3)
  An orc warrior (Orc:2)
  2 centaurs (D:14)
  An orc wizard (Orc:2)
  A hell rat (Lair:4)
  An orc (Orc:2)
  4 foxfires (Abyss:3)
  48 fungi
  67 plants
137 creatures vanquished.

Grand Total: 801 creatures vanquished

Notes
Turn   | Place    | Note
-------+----------+-------------------------------------------
     0 | D:1      | jasper the Djinni Venom Mage began the quest for the Orb.
     0 | D:1      | jasper set off with the following spells memorised: Sting,
                  | Poisonous Vapours, Mephitic Cloud, Olgreb's Toxic Radiance.
     0 | D:1      | Reached XP level 1. HP: 15/15 MP: 0/0
   182 | D:1      | Reached XP level 2. HP: 19/21 MP: 0/0
   414 | D:1      | Found a faded altar of an unknown god.
   478 | D:1      | Reached XP level 3. HP: 15/25 MP: 0/0
   478 | D:1      | Learned a level 1 spell: Freeze
   721 | D:2      | Noticed Terence
   731 | D:2      | Killed Terence
   732 | D:2      | Reached XP level 4. HP: 27/31 MP: 0/0
   981 | D:2      | Noticed Robin
   991 | D:2      | Killed Robin
   992 | D:2      | Reached XP level 5. HP: 6/35 MP: 0/0
   992 | D:2      | Learned a level 2 spell: Ensorcelled Hibernation
  1594 | D:2      | Reached XP level 6. HP: 38/40 MP: 0/0
  1856 | D:2      | Reached skill level 5 in Spellcasting
  2205 | D:3      | Noticed a steam dragon
  2213 | D:3      | Killed a steam dragon
  2411 | D:3      | Reached XP level 7. HP: 40/45 MP: 0/0
  2411 | D:3      | Learned a level 2 spell: Passwall
  3312 | D:4      | Reached skill level 1 in Fighting
  3648 | D:4      | You are sucked into a shaft and drop 2 floors!
  3691 | D:6      | Noticed Menkaure
  3697 | D:6      | Noticed Duvessa
  3698 | D:6      | Noticed Dowan
  3704 | D:6      | Noticed a +0 short sword
  3704 | D:6      | Noticed a +0 falchion
  3704 | D:6      | Noticed a +0 dagger
  3704 | D:6      | Noticed a +0 spear
  3704 | D:6      | Noticed a +0 short sword
  3704 | D:6      | Noticed a +0 falchion
  3704 | D:6      | Noticed a +0 dagger
  3707 | D:6      | Noticed a +0 spear
  3715 | D:6      | Killed Dowan
  3716 | D:6      | Reached XP level 8. HP: 21/54 MP: 0/0
  3767 | D:6      | Found a basalt altar of Yredelemnul.
  3771 | D:6      | Noticed Blork the orc
  3778 | D:6      | Killed Blork the orc
  3825 | D:6      | Found a blossoming altar of Fedhas.
  3846 | D:7      | Noticed Joseph
  3926 | D:6      | Found an iron altar of Okawaru.
  3963 | D:6      | Killed Duvessa
  4012 | D:6      | Identified the +1 leather armour of Ethiud {rC+ rCorr
                  | Stlth+}
  4036 | D:6      | Reached skill level 5 in Dodging
  4062 | D:6      | Killed Menkaure
  4098 | D:6      | Found a hide-covered altar of Uskayaw.
  4325 | D:6      | Reached XP level 9. HP: 60/64 MP: 0/0
  4325 | D:6      | Learned a level 3 spell: Confusing Touch
  4335 | D:6      | Reached skill level 5 in Fighting
  4787 | D:7      | Killed Joseph
  5080 | D:7      | Found a stormy altar of Qazlal.
  5161 | D:7      | Reached XP level 10. HP: 75/75 MP: 0/0
  5349 | D:8      | Found a hazy altar of Hepliaklqana.
  6135 | D:9      | Noticed an orange demon
  6159 | D:9      | Killed an orange demon
  6160 | D:9      | Reached skill level 10 in Dodging
  6191 | D:9      | Noticed Amaemon
  6205 | D:9      | Killed Amaemon
  6420 | D:9      | Reached skill level 10 in Fighting
  6429 | D:9      | Reached skill level 1 in Shields
  6473 | D:9      | Reached skill level 2 in Shields
  6756 | D:10     | Entered Level 10 of the Dungeon
  6800 | D:10     | Reached skill level 3 in Shields
  6800 | D:10     | Reached XP level 11. HP: 81/85 MP: 0/0
  6800 | D:10     | Learned a level 5 spell: Silence
  6892 | D:10     | Reached skill level 4 in Shields
  7006 | D:10     | Found a sparkling altar of Nemelex Xobeh.
  7236 | D:10     | Reached skill level 5 in Shields
  7466 | D:11     | Noticed an elephant
  7476 | D:11     | Reached skill level 6 in Shields
  7493 | D:11     | Killed an elephant
  7517 | D:11     | Found a staircase to the Lair.
  7521 | D:11     | Noticed a boulder beetle
  7527 | D:11     | Reached skill level 7 in Shields
  7555 | D:11     | Killed a boulder beetle
  7556 | D:11     | Reached skill level 8 in Shields
  7627 | D:11     | Found a portal to a secret trove of treasure.
  7755 | D:11     | Noticed a tengu warrior
  7765 | D:11     | Killed a tengu warrior
  8044 | D:11     | Noticed a cyclops
  8075 | D:11     | Killed a cyclops
  8076 | D:11     | Reached skill level 9 in Shields
  8340 | D:11     | Reached skill level 10 in Shields
  8341 | D:11     | Reached XP level 12. HP: 85/91 MP: 0/0
  8713 | D:5      | Entered Level 5 of the Dungeon
  9027 | D:5      | Noticed a two-headed ogre
  9046 | D:5      | Killed a two-headed ogre
  9145 | D:5      | Noticed Grinder
  9168 | D:5      | Killed Grinder
  9169 | D:5      | Reached skill level 11 in Shields
  9214 | D:5      | Found a staircase to the Ecumenical Temple.
  9307 | Temple   | Entered the Ecumenical Temple
  9314 | Temple   | Became a worshipper of Ru the Awakened
  9356 | D:5      | Noticed Pikel
  9378 | D:5      | Killed Pikel
 10188 | Lair:1   | Entered Level 1 of the Lair of Beasts
 10357 | Lair:1   | Reached skill level 12 in Shields
 10715 | Lair:1   | Reached skill level 13 in Shields
 10902 | Lair:1   | Noticed Gastronok
 10935 | Lair:1   | Gained mutation: You are slightly weak-willed. (Will-) [Ru
                  | sacrifice]
 10935 | Lair:1   | Reached * piety under Ru
 10942 | Lair:1   | Killed Gastronok
 10943 | Lair:1   | Reached XP level 13. HP: 24/96 MP: 0/0
 10943 | Lair:1   | Learned a level 5 spell: Blade Hands
 11178 | Lair:1   | Reached skill level 14 in Shields
 11753 | Lair:2   | Reached skill level 15 in Shields
 12041 | Lair:2   | Noticed Urug
 12072 | Lair:2   | Killed Urug
 12319 | Lair:2   | Noticed an eight-headed hydra
 12334 | Lair:2   | Killed an eight-headed hydra
 12336 | Lair:2   | Noticed Nergalle
 12472 | Lair:3   | Noticed a six-headed hydra
 12505 | Lair:3   | Killed a six-headed hydra
 12649 | Lair:3   | Noticed Rupert
 12670 | Lair:3   | Paralysed by Rupert for 5 turns
 12720 | Lair:3   | Paralysed by Rupert for 2 turns
 12726 | Lair:3   | Killed Rupert
 12832 | Lair:3   | Reached XP level 14. HP: 103/103 MP: 0/0
 12987 | Lair:3   | Found a staircase to the Snake Pit.
 13061 | Lair:3   | Gained mutation: You occasionally lose the ability to drink
                  | potions when taking damage. [Ru sacrifice]
 13061 | Lair:3   | Gained mutation: You sometimes lose the ability to drink
                  | potions when taking damage. [Ru sacrifice]
 13061 | Lair:3   | Reached ** piety under Ru
 13061 | Lair:3   | Reached *** piety under Ru
 13185 | Lair:3   | Found a staircase to the Shoals.
 13387 | Lair:4   | Reached skill level 10 in Spellcasting
 14441 | Lair:5   | Entered Level 5 of the Lair of Beasts
 14662 | Lair:5   | Gained mutation: You cannot study or use magical devices.
                  | [Ru sacrifice]
 14662 | Lair:5   | Reached **** piety under Ru
 14662 | Lair:5   | Reached ***** piety under Ru
 14765 | Lair:5   | Reached XP level 15. HP: 110/110 MP: 0/0
 14765 | Lair:5   | Learned a level 6 spell: Dispersal
 15095 | Lair:5   | Found a staircase to the Slime Pits.
 15096 | Lair:5   | Found a viscous altar of Jiyva.
 16370 | D:12     | Found a staircase to the Orcish Mines.
 16386 | D:12     | Gained mutation: You cannot train Armour skill. [Ru
                  | sacrifice]
 16386 | D:12     | Reached ****** piety under Ru
 16688 | Orc:1    | Entered Level 1 of the Orcish Mines
 16688 | Orc:1    | Found Caeneuto's Jewellery Shop.
 16727 | Orc:1    | Bought the ring "Ulenuito" {rC++ rCorr Int+4 Dex-4} for 489
                  | gold pieces
 16729 | Orc:1    | Bought the ring of Tyn Wul {Fly rN+ Str-4 Int+6 Dex+3} for
                  | 519 gold pieces
 17165 | Orc:2    | Entered Level 2 of the Orcish Mines
 17261 | Orc:2    | Found a staircase to the Elven Halls.
 17811 | Orc:2    | Found Xius's Antique Armour Shop.
 17811 | Orc:2    | Found Mulouze's Magic Scroll Shoppe.
 17813 | Orc:2    | Found Nafec's Weapon Shop.
 17813 | Orc:2    | Found Qeynigim's Magic Scroll Shoppe.
 17827 | Orc:2    | Bought a scroll of blinking for 105 gold pieces
 17827 | Orc:2    | Bought a scroll of magic mapping for 105 gold pieces
 17827 | Orc:2    | Bought a scroll of summoning for 133 gold pieces
 17831 | Orc:2    | Bought a scroll of fear for 40 gold pieces
 17831 | Orc:2    | Bought a scroll of poison for 40 gold pieces
 19307 | D:14     | Reached XP level 16. HP: 80/119 MP: 0/0
 19575 | Abyss:3  | Cast into level 3 of the Abyss (a wizard)
 19591 | Abyss:3  | Found a corrupted altar of Lugonu.
 19599 | Abyss:3  | Found a corrupted altar of Lugonu.
 19646 | Abyss:3  | Found a corrupted altar of Lugonu.
 19793 | Abyss:3  | Found a sparkling altar of Nemelex Xobeh.
 19829 | Abyss:3  | Noticed a profane servitor
 20027 | Abyss:3  | Noticed an Executioner
 20059 | Abyss:3  | Found a corrupted altar of Lugonu.
 20101 | Abyss:3  | HP: 3/86 [large abomination (31)]
 20106 | Abyss:3  | Slain by a small abomination

Illustrated notes

Levels and vault maps discovered:
D:1:      giann_wishing_wells, layout_rooms,
          dreamdust_ecumenical_altar_drowned_temple, minmay_hexomino_f4
D:2:      layout_basic, serial_co_window_serial, co_window_corner_a,
          co_window_of_opportunity_a, co_window_paths_a, co_window_corner_a,
          co_window_of_opportunity_a, co_window_corner_b, co_window_corner_b,
          co_window_unsneaky_path_a, co_window_broadway_a, glass_columns_a,
          uniq_robin, uniq_terence
D:3:      layout_loops_corners, minmay_diced_spiral
D:4:      layout_layer_cave
D:5:      layout_cave_pods, minmay_temple_entry_enclosed_plants, st_stairs_3,
          uniq_pikel, uniq_grinder
D:6:      layout_rooms, kennysheep_okawaru_gauntlet, amcnicky_altar_gilded,
          nicolae_uskayaw_en_pointe, fedhas_altar_1, lemuel_flamethrower_2,
          uniq_duvessa, uniq_menkaure, uniq_blork_the_orc
D:7:      layout_cave_pools, nicolae_qazlal_eye_of_the_storm,
          serial_column_ruins, column_ruins_hut, column_ruins_hut,
          column_ruins_columns_dead_end, column_ruins_columns_corner,
          column_ruins_grid_2, column_ruins_corridor_straight,
          column_ruins_open_tiny, column_ruins_grid_4, st_stairs_2,
          kennysheep_boxes, uniq_joseph
D:8:      layout_cave_pools, mainiacjoe_overflow_boulevard,
          amcnicky_mini_corridor_feature, small_statue_intersection,
          nicolae_zen_rock_garden
D:9:      layout_small_grid, hangedman_abyss_or_decor_passed, uniq_amaemon
D:10:     layout_rooms, nemelex_spade_bored_becter
D:11:     minmay_inner_zag, layout_gridville, david_lair_generic,
          nicolae_trove_entry_isolated
D:12:     layout_roguey, david_orc_5
D:13:     layout_irregular_city, hex_medium
D:14:     minmay_smoke_and_mirrors, layout_rooms, david_vaults_4, serial_shops,
          kennysheep_mini_moat, dreamdust_mushroom_princess
Temple:   regret_index_temple_waves
Lair:1:   layout_cave_pods, small_statue_intersection, uniq_gastronok
Lair:2:   layout_layer_cave, infiniplex_staircase_pool_2, serial_bayou_shore_a,
          uniq_urug, uniq_nergalle
Lair:3:   layout_misc_corridors, shoals_dummy_entry,
          minmay_snake_entry_six_corridors, eino_small_chamber_without_monster,
          uniq_rupert
Lair:4:   layout_long_grid, special_room [special_room_mythical_zoo],
          lemuel_fruit_fields
Lair:5:   minmay_lair_end_enchanted_forest, layout_regular_city,
          minmay_slime_entry_oklob_open
Orc:1:    layout_caves, serial_shops, shop
Orc:2:    grunt_orc_tribal_feast, layout_caves
Abyss:3:  base: D:1, gammafunk_corrupted_shrine, evilmike_abyss_exit_3,
          hangedman_eye_storm

Skill      XL: |  1  2  3  4  5  6  7  8  9 10 11 12 13 14 15 16 |
---------------+-------------------------------------------------+-----
Spellcasting   | 3 4 5 6 9 11 | 11.1
Fighting       | 2 4 7 10 11 13 | 13.7
Dodging        | 3 5 8 10 11 13 14 | 14.3
Shields        | 3 10 13 15 | 15.0
Stealth        | |  1.5

Action                     |  1- 3 |  4- 6 |  7- 9 | 10-12 | 13-15 | 16-18 || total
---------------------------+-------+-------+-------+-------+-------+-------++-------
  Melee: Unarmed           |     2 |       |       |       |       |       ||     2
         Staff             |     5 |    13 |       |       |       |       ||    18
         Trident           |       |    36 |    99 |   315 |   730 |    94 ||  1274
         Punch             |       |     1 |     1 |     1 |       |       ||     3
   Cast: Sting             |    35 |    12 |    10 |     3 |       |       ||    60
         Poisonous Vapours |     5 |    34 |    51 |    77 |   104 |    14 ||   285
         Olgreb's Toxic Ra |       |     4 |    18 |    59 |   144 |     6 ||   231
         Mephitic Cloud    |       |       |     4 |     3 |    16 |     3 ||    26
         Freeze            |       |       |     3 |       |     7 |       ||    10
         Silence           |       |       |       |     1 |       |       ||     1
         Dispersal         |       |       |       |       |     2 |       ||     2
 Invoke: Sacrifice Essence |       |       |       |     1 |       |       ||     1
         Draw Out Power    |       |       |       |       |     4 |     2 ||     6
         Sacrifice Drink   |       |       |       |       |     1 |       ||     1
         Sacrifice Artific |       |       |       |       |     1 |       ||     1
         Apocalypse        |       |       |       |       |     1 |     2 ||     3
         Sacrifice Durabil |       |       |       |       |     1 |       ||     1
  Evoke: Wand              |       |       |       |     2 |       |       ||     2
    Use: Scroll            |     4 |     6 |    11 |     7 |     4 |     9 ||    41
         Potion            |       |       |     1 |     3 |     2 |       ||     6
   Stab: Sleeping          |       |       |     1 |       |       |       ||     1
         Paralysed         |       |       |       |       |     9 |     2 ||    11
         Invisible         |       |       |       |       |     6 |       ||     6
         Distracted        |       |       |       |       |     2 |     1 ||     3
         Confused          |       |       |       |       |     1 |     2 ||     3
 Armour: Robe              |     4 |    23 |       |       |       |       ||    27
         Steam dragon scal |       |     1 |    60 |   162 |   302 |    27 ||   552
  Dodge: Dodged            |    18 |    34 |    84 |   363 |   670 |    56 ||  1225
  Block: Buckler           |       |       |       |   106 |    13 |       ||   119
         Kite shield       |       |       |       |       |   830 |    62 ||   892

Table legend: (Time is in decaauts)
 A = Elapsed time spent in this place.
 B = Non-inter-level travel time spent in this place.
 C = Inter-level travel time spent in this place.
 D = Time resting spent in this place.
 E = Time spent auto-exploring this place.
 F = Levels seen in this place.
 G = Mean time per level.
                   A        B        C        D        E       F      G
               +--------+--------+--------+--------+--------+-----+--------+
         Total |  20657 |  19478 |   1179 |    915 |  13163 |  23 |  898.1 |
       Dungeon |  12773 |  11903 |    870 |    697 |   8384 |  14 |  912.4 |
        Temple |     14 |      8 |      6 |      0 |      3 |   1 |   14.0 |
          Lair |   5975 |   5762 |    213 |    134 |   3706 |   5 | 1195.0 |
  Orcish Mines |   1335 |   1248 |     87 |      7 |    845 |   2 |  667.5 |
         Abyss |    559 |    559 |      0 |     77 |    225 |   1 |  559.0 |
               +--------+--------+--------+--------+--------+-----+--------+

Top non-repeatable levels by time:
     D:2: 1481 daAuts
  Lair:5: 1441 daAuts
  Lair:1: 1344 daAuts
    D:11: 1299 daAuts
  Lair:4: 1132 daAuts
  Lair:2: 1086 daAuts
     D:5: 1056 daAuts
    D:13: 1050 daAuts
     D:3: 1010 daAuts
     D:7: 972 daAuts
  Lair:3: 970 daAuts
     D:9: 942 daAuts
   Orc:2: 830 daAuts
    D:12: 806 daAuts
     D:4: 759 daAuts
